 Dungeon Crawl Stone Soup version 0.27-a0-522-g46bbb28828 (webtiles) character file.

Game seed: 11471847193640132390

170 Frqise the Stinger (level 5, -3/28 HPs)
             Began as a Gargoyle Venom Mage on Mar 5, 2021.
             Slain by a phantom (7 damage)
             ... on level 2 of the Dungeon.
             The game lasted 00:17:38 (4276 turns).

Frqise the Stinger (Gargoyle Venom Mage)            Turns: 4276, Time: 00:17:39

Health: -3/28      AC:  7    Str: 12    XL:     5   Next: 50%
Magic:  15/17      EV: 12    Int: 16    God:
Gold:   129        SH:  0    Dex: 10    Spells: 2/8 levels left

rFire    . . .     SeeInvis .   h - +0 club
rCold    . . .     Faith    .   (no shield)
rNeg     + . .     Spirit   .   a - +0 robe
rPois    ∞         Reflect  .   (no helmet)
rElec    +         Harm     .   b - +0 cloak
rCorr    .         Rampage  .   (no gloves)
Will     .....                  (no boots)
Stlth    ++........             (no amulet)
HPRegen  0.09/turn              g - ring of magical power
MPRegen  0.15/turn              (no ring)

@: no status effects
A: negative energy resistance 1, electricity resistance, unbreathing 1,
petrification resistance, miasma immunity, AC +4
a: no special abilities


You were on level 2 of the Dungeon.
You visited 1 branch of the dungeon, and saw 3 of its levels.

You collected 129 gold pieces.

Inventory:

Hand Weapons
 h - a +0 club (weapon)
Armour
 a - a +0 robe (worn)
 b - a +0 cloak (worn)
Jewellery
 g - a ring of magical power (left hand)
Wands
 c - a wand of polymorph (2)
Scrolls
 e - a scroll of identify


   Skills:
 + Level 0.8 Fighting
 + Level 1.5 Maces & Flails
 + Level 2.3 Dodging
 + Level 2.7 Stealth
 + Level 1.7 Unarmed Combat
 + Level 2.4 Spellcasting
 + Level 1.2 Transmutations
 + Level 0.4 Air Magic
 + Level 3.6 Poison Magic


You had 2 spell levels left.
You knew the following spells:

 Your Spells              Type           Power        Failure   Level
a - Sting                 Tmut/Pois      36%          8%          1
b - Poisonous Vapours     Pois/Air       16%          13%         2
c - Ignite Poison         Fire/Tmut/Pois 7%           30%         3

Your spell library contained the following spells:

 Spells                   Type           Power        Failure   Level
 Mephitic Cloud           Conj/Pois/Air  6%           32%         3
 Olgreb's Toxic Radiance  Pois           13%          41%         4


Dungeon Overview and Level Annotations

Branches:
Dungeon (3/15)

Altars:
Wu Jian


Innate Abilities, Weirdness & Mutations

You are resistant to torment.
Your stone body is resilient. (AC +4)
You are immune to poison.
You resist negative energy. (rN+)
You are resistant to electric shocks. (rElec)
You can survive without breathing.
You are immune to petrification.
You are immune to miasma.


Message History

The sting hits the iguana.
The iguana is poisoned.
The iguana is heavily wounded.
The kobold hits you.
* * * LOW HITPOINT WARNING * * *
The iguana bites you but does no damage.
The phantom hits you.
* * * LOW HITPOINT WARNING * * *
The phantom blinks!
You blink.
The phantom hits you.
* * * LOW HITPOINT WARNING * * *
The iguana hisses menacingly.
There is an open door here.
The iguana looks more healthy.
The phantom hits you.
* * * LOW HITPOINT WARNING * * *
The phantom blinks!
You blink.
The iguana barely misses you. The iguana barely misses you.
You are starting to lose your buoyancy.
You float gracefully downwards.
Sorry, you're not good enough to have a special ability.
Casting: Sting (safe; 8% risk of failure)
Confirm with . or Enter, or press ? or * to list all spells.
Okay, then.
Okay, then.
Casting: Sting (safe; 8% risk of failure)
Confirm with . or Enter, or press ? or * to list all spells.
Aiming: Poisonous Vapours (safe; 13% risk of failure)
Press: ? - help, Dir - move target, f - kobold, p - iguana
Aim: a kobold Poisonous vapours surround the kobold!
The phantom hits you.
* * * LOW HITPOINT WARNING * * *
The phantom blinks!
You blink.
The kobold is engulfed in poison gas.
The kobold is poisoned.
You kill the kobold!
The phantom hits you but does no damage.
You barely miss the iguana.
The iguana is severely wounded.
The phantom hits you!
You die...

.............# #[...#
#.# .............#
####.# #.#
............>### #.#
#.# ...............#
#.# #.#
...............# #.#
#.#
......#####....####.#
#.#
.........>..........#
#.#
......###........W..#
#.# ..(...#
#.......@l..# #.#
......# #...........#
#.# ......#
#...........# #.#
......# #...........#
#.# .....##
#...........# #.#
......###...........#
#.#
.......##...........#
#.#
.......##...........#
#.#
....................#
#.#


You could see a phantom and an iguana.

Vanquished Creatures
  Natasha (thrice) (D:2)
  2 adders
  2 worms
  A dart slug (D:1)
  A leopard gecko (D:2)
  5 orcs (D:3)
  2 giant cockroaches (D:1)
  7 goblins
  9 hobgoblins
  3 quokkas
  3 ball pythons (D:2)
  9 bats
  4 frilled lizards
  10 kobolds
  2 rats (D:1)
63 creatures vanquished.

Notes
Turn   | Place    | Note
-------+----------+-------------------------------------------
     0 | D:1      | Frqise the Gargoyle Venom Mage began the quest for the Orb.
     0 | D:1      | Reached XP level 1. HP: 10/10 MP: 3/3
   400 | D:1      | Reached XP level 2. HP: 12/15 MP: 5/5
   405 | D:1      | Learned a level 2 spell: Poisonous Vapours
   973 | D:1      | Reached skill level 1 in Transmutations
  1313 | D:1      | Reached XP level 3. HP: 13/19 MP: 6/6
  1317 | D:1      | Learned a level 3 spell: Ignite Poison
  1458 | D:1      | Reached skill level 1 in Unarmed Combat
  1779 | D:2      | Noticed Natasha
  1837 | D:2      | Killed Natasha
  1838 | D:2      | Reached XP level 4. HP: 1/24 MP: 0/7
  2424 | D:2      | Noticed Natasha
  2433 | D:2      | Killed Natasha
  2434 | D:2      | Reached skill level 1 in Maces & Flails
  2975 | D:2      | Found an ornate altar of the Wu Jian Council.
  3019 | D:2      | Noticed Natasha
  3034 | D:2      | Killed Natasha
  3035 | D:2      | Reached XP level 5. HP: 21/28 MP: 8/8
  4049 | D:3      | Noticed a phantom
  4276 | D:2      | Slain by a phantom

Illustrated notes

Levels and vault maps discovered:
D:1:      dpeg_arrival_fog, layout_loops_cross, serial_bayou_crossing
D:2:      layout_basic, nzn_wu_jian_contemplation, uniq_terence, uniq_natasha
D:3:      layout_basic, marbit_many_paths, corexii_item_surrounded_by_moat,
          minmay_misc_feat_rugged, minmay_between

Skill      XL: |  1  2  3  4 |
---------------+-------------+-----
Transmutations | 1 |  1.2
Unarmed Combat | 1 |  1.7
Dodging        | 2 |  2.3
Maces & Flails | 1 |  1.5
Fighting       | |  0.8
Stealth        | |  2.7
Spellcasting   | |  2.4
Air Magic      | |  0.4
Poison Magic   | |  3.6

Action                   |  1- 3 |  4- 6 || total
-------------------------+-------+-------++-------
Melee: Unarmed           |   140 |       ||   140
       Club              |    44 |   135 ||   179
       Punch             |       |     1 ||     1
 Cast: Sting             |     9 |    25 ||    34
       Poisonous Vapours |     3 |     1 ||     4
       Ignite Poison     |     2 |     2 ||     4
Evoke: Wand              |       |     1 ||     1
  Use: Scroll            |     2 |       ||     2
       Potion            |     1 |     2 ||     3
 Stab: Sleeping          |     2 |     1 ||     3
Armor: Robe              |    66 |    99 ||   165
       Skin              |       |     1 ||     1
Dodge: Dodged            |   139 |   194 ||   333

Table legend: (Time is in decaauts)
 A = Elapsed time spent in this place.
 B = Non-inter-level travel time spent in this place.
 C = Inter-level travel time spent in this place.
 D = Time resting spent in this place.
 E = Time spent auto-exploring this place.
 F = Levels seen in this place.
 G = Mean time per level.
                   A        B        C        D        E       F      G
               +--------+--------+--------+--------+--------+-----+--------+
         Total |   4357 |   4357 |      0 |   1687 |   1333 |   3 | 1452.3 |
       Dungeon |   4357 |   4357 |      0 |   1687 |   1333 |   3 | 1452.3 |
               +--------+--------+--------+--------+--------+-----+--------+

Top non-repeatable levels by time:
     D:2: 1990 daAuts
     D:1: 1625 daAuts
     D:3: 741 daAuts
